 Dungeon Crawl Stone Soup version 0.19.0-2-gae57169 (webtiles) character file.

96 Jorund the Shield-Bearer (level 4, -1/35 HPs)
             Began as a Formicid Fighter on Nov 4, 2016.
             Killed by nerve-wracking pain
             ... invoked by Grinder
              (13 damage)
             ... on level 3 of the Dungeon.
             The game lasted 00:05:00 (1587 turns).

Jorund the Shield-Bearer (Formicid Fighter)         Turns: 1587, Time: 00:05:01

Health: -1/35      AC:  9    Str: 21    XL:     4   Next: 98%
Magic:  13/13      EV:  9    Int:  8    God:
Gold:   143        SH:  0    Dex: 10    Spells: 0 memorised, 3 levels left

rFire  . . .     SeeInvis +     a - +1 war axe
rCold  . . .     Gourm    .     b - +0 scale mail
rNeg   . . .     Faith    .     (no shield)
rPois  .         Spirit   .     (helmet unavailable)
rElec  .         Reflect  .     (no cloak)
rCorr  .         Harm     .     (no gloves)
MR     .....                    s - +1 pair of boots
Stlth  ..........               x - amulet of regeneration
                                v - ring of loudness (curse)
                                m - ring of magical power

@: no status effects
A: permanent stasis, dig shafts and tunnels, four strong arms, antennae 3
a: Dig, Shaft Self


You were on level 3 of the Dungeon.
You were hungry.

You visited 1 branch of the dungeon, and saw 3 of its levels.

You collected 143 gold pieces.

Inventory:

Hand Weapons
 a - a +1 war axe (weapon)
Armour
 b - a +0 scale mail (worn)
 c - a +0 shield
 s - a +1 pair of boots (worn)
Jewellery
 e - an uncursed ring of protection from magic {unknown}
 m - a ring of magical power (left hand)
 v - a cursed ring of loudness (right hand)
 x - an amulet of regeneration (around neck)
Scrolls
 d - a scroll of immolation {unknown}
 g - a scroll of amnesia
 l - a scroll of recharging
Potions
 k - 2 potions of cure mutation
 o - a potion of cancellation
 t - a potion of magic {unknown}
Comestibles
 f - a bread ration
 i - 2 meat rations
 u - 2 fruits
 w - 6 chunks of flesh


   Skills:
 - Level 3.2 Fighting
 * Level 3.3 Axes
 + Level 4.2 Armour
 + Level 4.4 Shields


You had 3 spell levels left.
You didn't know any spells.

Dungeon Overview and Level Annotations

Branches:
Dungeon (3/15)

Altars:

Annotations:
D:3 Grinder; Jerry's ghost, amateur MiBe


Innate Abilities, Weirdness & Mutations

You are under a permanent stasis effect.
You can dig through walls and to a lower floor.
Your four strong arms can wield two-handed weapons with a shield.
You have a pair of large antennae on your head. (SInv)


Message History

Pain shoots through your body!
* * * LOW HITPOINT WARNING * * *
You are too injured to fight recklessly!
You are too injured to fight recklessly!
You closely miss Grinder.
Grinder is severely wounded.
Grinder completely misses you. Grinder closely misses you.
You barely miss Grinder.
Grinder is severely wounded.
Grinder hits you but does no damage.
You barely miss Grinder.
Grinder is severely wounded.
Grinder gestures at you.
Your stasis keeps you stable.
You barely miss Grinder.
Grinder is severely wounded.
Grinder says, "Are you a fish?" Grinder gestures at you.
Pain shoots through your body!
You die...

?..........................##,..,
###........####.##..#####...#...,
####..÷.####....##........#.#.#**
.#....<.W#..........##...##...#
...#.......#.###.............#*
...#.........# #...>......#.##
#.#########..# #............#
#.....##.....###............####
#####....##†##W5@..............#
...###...#.....######..<.....###
##...)...#....## #...........#
####.....#....#***#........##.#
*#..##........,...$.......#*.#
*#..####..#...###.#........#*,#
....,,.........,.,#........#*,*
.###*####.#.....,,....%...##,,*
.* *..#.####*##.......#*,**


You could see Grinder and Jerry's ghost.

Vanquished Creatures
  3 adders
  A worm (D:2)
  A dart slug (D:2)
  A leopard gecko (D:3)
  An orc (D:2)
  3 bats (D:2)
  2 giant cockroaches
  7 goblins
  9 hobgoblins
  13 jackals
  4 frilled lizards
  5 kobolds
  5 rats
55 creatures vanquished.

Notes
Turn   | Place    | Note
-------+----------+-------------------------------------------
     0 | D:1      | Jorund the Formicid Fighter began the quest for the Orb.
     0 | D:1      | Reached XP level 1. HP: 18/18 MP: 1/1
    69 | D:1      | Reached XP level 2. HP: 18/24 MP: 2/2
   443 | D:1      | Reached XP level 3. HP: 29/29 MP: 3/3
   864 | D:2      | Reached XP level 4. HP: 34/35 MP: 4/4
  1444 | D:3      | Noticed Grinder
  1447 | D:3      | Noticed Jerry's ghost (amateur MiBe)
  1587 | D:3      | Killed from afar by Grinder

Skill      XL: |  1  2  3  4 |
---------------+-------------+-----
Shields        | 4 |  4.4
Armour         | 4 |  4.2
Axes           | 3 |  3.3
Fighting       | |  3.2

Action                   |  1- 3 |  4- 6 || total
-------------------------+-------+-------++-------
Melee: War axe           |    85 |    89 ||   174
  Use: Scroll            |       |     9 ||     9
       Potion            |       |     4 ||     4
  Eat: Chunk             |       |     2 ||     2
Armor: Scale mail        |    50 |    50 ||   100
Dodge: Dodged            |    48 |    74 ||   122
Block: Shield            |     8 |       ||     8
